Map: 2000 Atmospheres LE

Players

ExtaseDream

  • Race: Zerg Zerg
  • League: Master
  • Spawn Location: 7:00

Pumba - Winner!

  • Race: Zerg Zerg
  • League: Master
  • Spawn Location: 3:00

VOD

Have the link to the VOD?

Description

Time

  • Played on: Sept. 14, 2021, 7:29 p.m.
  • Length: 9:26
Show
View Real Time Build Order
Export as new Build Order

ExtaseDream Zerg 

Build Orders: Pool First 

Get SALT Encoding   

  12  0:00  Drone  
  13  0:12  Overlord  
  13  0:16  Drone  
  14  0:30  Drone x2  
  14  0:34  Drone  
  17  0:44  Spawning Pool  
  17  0:49  Drone  
  17  1:10  Hatchery  
  16  1:12  Extractor  
  16  1:14  Drone  
  16  1:31  Zergling x6  
  19  1:34  Queen  
  21  1:42  Drone  
  22  2:05  Drone, Hatchery  
  22  2:12  Overlord  
  22  2:23  Drone  
  22  2:27  Drone  
  24  2:31  Drone  
  24  2:36  Drone x2  
  27  2:39  Queen  
  29  2:47  Overlord  
  29  2:50  Zergling x2  
  30  2:57  Metabolic Boost  
  30  2:59  Zergling x2  
  30  3:02  Zergling x2  
  32  3:08  Zergling x4  
  34  3:13  Drone  
  34  3:14  Drone  
  34  3:15  Drone  
  37  3:20  Drone x2  
  37  3:22  Drone  
  37  3:25  Drone  
  41  3:30  Overlord  
  41  3:35  Zergling x4  
  41  3:37  Zergling x2  
  41  3:39  Zergling x2  
  45  3:46  Lair  
  46  3:48  Zergling x2  
  46  3:50  Zergling x2  
  46  3:52  Zergling x2  
  46  3:53  Zergling x2  
  49  3:58  Zergling x2  
  49  3:59  Zergling x4  
  49  4:01  Zergling x2  
  52  4:14  Zergling x4  
  52  4:15  Zergling x6  
  57  4:19  Overlord x2  
  57  4:27  Roach Warren  
  57  4:28  Drone  
  57  4:33  Overlord  
  57  4:35  Overlord  
  57  4:39  Zergling x4  
  57  4:41  Zergling x2  
  57  4:44  Zergling x2  
  61  4:47  Overlord  
  61  4:49  Zergling x2  
  62  4:53  Zergling x4  
  62  4:57  Zergling x2  
  62  4:58  Zergling x2  
  66  5:00  Zergling x2  
  66  5:02  Zergling x2  
  66  5:05  Zergling x4  
  70  5:09  Zergling x4  
  70  5:11  Zergling x2  
  72  5:14  Zergling x2  
  72  5:15  Zergling x2  
  72  5:17  Zergling x2  
  72  5:20  Zergling x2  
  76  5:22  Zergling x2  
  76  5:28  Zergling x8  
  78  5:32  Zergling x2  
  78  5:33  Zergling x2  
  78  5:35  Zergling x2  
  81  5:37  Zergling x2  
  81  5:38  Zergling x2  
  79  5:44  Zergling x4  
  79  5:47  Zergling x2  
  79  5:48  Zergling x2  
  76  5:55  Zergling x4  
  73  5:57  Zergling x2  
  73  5:58  Zergling x6  
  73  6:03  Zergling x4  
  73  6:07  Zergling x2  
  73  6:09  Zergling x2  
  66  6:12  Zergling x4  
  66  6:16  Zergling x2  
  61  6:19  Glial Reconstitution  
  61  6:21  Zergling x2  
  61  6:23  Zergling x2  
  63  6:29  Zergling x2  
  63  6:32  Zergling x4  
  66  6:35  Overseer  
  66  6:39  Zergling x2  
  67  6:46  Zergling x4  
  62  6:49  Zergling x2  
  62  6:51  Roach x2  
  62  6:52  Roach x3  
  71  6:55  Roach  
  71  6:58  Roach  
  74  7:03  Roach x2  
  74  7:08  Roach  
  80  7:12  Roach  
  80  7:13  Roach  
  83  7:18  Roach x2  
  83  7:21  Roach  
  89  7:23  Roach  
  89  7:27  Roach  
  95  7:30  Roach  
  95  7:33  Roach  
  97  7:43  Overlord x2  
  97  7:47  Overlord  
  97  7:53  Overlord  
  97  8:04  Zergling x12  
  102  8:06  Zergling x6  
  102  8:09  Zergling x2  
  102  8:10  Zergling x2  
  104  8:19  Zergling x4  
  98  8:21  Roach x2  
  98  8:26  Roach x2  
  98  8:31  Roach  
  98  8:33  Roach  
  90  8:36  Roach  
  90  8:38  Roach  
  83  8:42  Roach  
  83  8:46  Roach  
Show
View Real Time Build Order
Export as new Build Order

Pumba Zerg - Winner!

Build Orders: Hatch First 

Get SALT Encoding   

  12  0:00  Drone  
  13  0:12  Overlord  
  13  0:18  Drone  
  14  0:31  Drone x2  
  14  0:35  Drone  
  17  0:52  Hatchery  
  17  0:56  Drone  
  17  0:58  Drone  
  18  1:11  Extractor  
  18  1:13  Spawning Pool  
  18  1:15  Drone  
  17  1:19  Drone  
  18  1:29  Drone  
  19  1:39  Overlord  
  19  1:53  Drone  
  20  2:00  Queen  
  22  2:02  Zergling x2  
  22  2:04  Zergling x2, Queen  
  26  2:13  Drone  
  26  2:15  Drone  
  28  2:26  Drone  
  29  2:36  Overlord  
  29  2:38  Queen, Drone  
  29  2:43  Drone  
  33  2:51  Drone  
  33  2:52  Overlord  
  33  2:55  Drone  
  35  3:01  Roach Warren  
  34  3:09  Drone x2  
  36  3:15  Drone  
  36  3:16  Drone x4  
  36  3:18  Lair  
  41  3:20  Drone  
  41  3:21  Drone  
  41  3:26  Spine Crawler  
  42  3:33  Evolution Chamber  
  40  3:42  Evolution Chamber  
  40  3:45  Evolution Chamber  
  39  3:49  Extractor, Overlord  
  39  3:50  Extractor  
  39  3:51  Extractor  
  39  3:52  Drone x3  
  39  3:53  Drone  
  39  3:54  Drone x3  
  39  3:55  Drone  
  44  4:04  Overlord  
  44  4:09  Spine Crawler  
  43  4:13  Roach x3  
  49  4:20  Zerg Ground Armor Level 1, Glial Reconstitution  
  49  4:27  Drone x2  
  49  4:29  Drone x3  
  54  4:37  Drone x2  
  57  4:45  Drone  
  57  4:46  Drone  
  58  5:01  Overlord x3  
  58  5:03  Drone x2  
  58  5:04  Drone  
  58  5:05  Overseer  
  61  5:16  Roach x2  
  61  5:17  Roach  
  67  5:23  Hatchery  
  66  5:29  Roach x6  
  79  5:38  Hatchery  
  79  5:41  Evolution Chamber  
  77  5:43  Roach x4  
  77  5:48  Evolution Chamber  
  82  5:51  Roach x2  
  84  6:01  Roach x2  
  84  6:02  Roach x2  
  83  6:06  Roach  
  76  6:12  Roach  
  76  6:17  Roach  
  78  6:28  Roach x2  
  82  6:33  Baneling Nest  
  81  6:42  Roach x4  
  89  6:53  Overlord x3  
  89  7:00  Queen  
  91  7:03  Drone  
  91  7:04  Drone x2  
  94  7:10  Infestation Pit, Drone  
  94  7:12  Zerg Missile Weapons Level 1  
  94  7:14  Zergling x2  
  94  7:15  Zergling x4  
  97  7:26  Drone x2  
  97  7:27  Drone x2  
  101  7:33  Overseer  
  101  7:36  Baneling x2  
  101  7:37  Baneling x3  
  101  7:42  Baneling  
  101  7:51  Drone x2  
  103  7:52  Drone x2  
  103  7:53  Drone x4  
  103  7:58  Roach  
  108  8:17  Roach x5  
  116  8:26  Drone x9  
  112  8:45  Overlord x2  
  112  8:46  Overlord  
Tags
 
Add a new tag
Caveats
  • Supply blocks, unpowered buildings, or Contaminate may cause inaccurate times.
  • Supply counts are checked every 10 seconds.